AoeStats
← bkg45

Black Forest

506206125Analyzed
4v4 RM · 19d ago on Sep 12, 2026· 49m 46s· 8 players
Game mode
Random Map
Map size
Large (8 player)
Population
200
Speed
Normal
Resources
Standard
Victory
Conquest
Starting age
Dark Age
Ending age
Imperial Age
RankedLock teamsTeams togetherTeam positionsShared explorationLock speedFull tech treeHidden civsTurbo modeCheats
Victory
Defeat
🇩🇪 Malians · Germany
1462
+12
🇩🇪 Spanish · Germany
1360
+16
🇩🇪 Slavs · Germany
1353
+16
🇩🇪 Ethiopians · Germany
1343
+16
🇨🇦 Teutons · Canada
1406
-17
🇪🇸 Poles · Spain
1363
-15
🇺🇸 Persians · United States
1338
-14
🇺🇸 Britons · United States
1325
-14
Juanchan
11:16 Feudal Age
9:31 Loom
12:20 Double-Bit Axe
12:30 Horse Collar
19:49 Castle Age
19:23 Gold Mining
19:24 Stone Mining
29:03 Bow Saw
29:39 Heavy Plow
31:18 Wheelbarrow
30:29 Town Watch
33:43 Imperial Age
33:28 Bloodlines
33:18 Husbandry
32:39 Light Cavalry
33:36 Szlachta Privileges
33:52 Hand Cart
33:40 Town Patrol
35:06 Lechitic Legacy
34:36 Cavalier
36:02 Conscription
36:04 Lechitic Legacy
35:08 Winged Hussar
36:20 Conscription
37:38 Forging
37:33 Scale Barding Armor
38:11 Elite Obuch
40:14 Iron Casting
40:01 Chain Barding Armor
43:04 Squires
42:50 Arson
42:25 Pikeman
44:44 Elite Obuch
45:06 Elite Obuch
nprhino_aoe
8:31 Loom
10:46 Feudal Age
14:28 Castle Age
12:50 Double-Bit Axe
15:26 Bow Saw
15:05 Horse Collar
16:13 Heavy Plow
21:33 Wheelbarrow
21:56 Gold Mining
23:16 Stone Mining
29:07 Imperial Age
28:30 Scale Barding Armor
28:36 Forging
28:38 Bloodlines
28:29 Husbandry
29:33 Hand Cart
29:03 Town Watch
29:42 Chain Barding Armor
29:58 Iron Casting
30:02 Conscription
30:35 Elite War Elephant
33:05 Plate Barding Armor
33:16 Gold Shaft Mining
33:17 Stone Shaft Mining
34:36 Blast Furnace
34:28 Stone Shaft Mining
33:57 Caravan
bkg45
0:31 Loom
11:34 Feudal Age
12:39 Town Watch
15:35 Castle Age
14:28 Double-Bit Axe
14:59 Horse Collar
16:34 Bow Saw
17:05 Fletching
17:42 Heavy Plow
23:36 Bodkin Arrow
24:34 Wheelbarrow
25:25 Padded Archer Armor
26:44 Ballistics
31:52 Imperial Age
31:00 Leather Archer Armor
31:05 Fortified Wall
31:16 Gold Mining
32:40 Bracer
33:21 Ring Archer Armor
33:14 Masonry
34:01 Conscription
35:34 Elite Longbowman
38:21 Yeomen
39:28 Coinage
39:02 Caravan
42:17 Chemistry
42:10 Architecture
hdelaney
0:46 Loom
21:51 Feudal Age
25:42 Double-Bit Axe
31:00 Castle Age
30:20 Wheelbarrow
29:30 Town Watch
32:00 Bow Saw
32:32 Horse Collar
32:52 Stone Mining
37:19 Heavy Plow
42:21 Forging
42:12 Scale Mail Armor
42:05 Gold Mining
42:50 Fletching
46:33 Imperial Age
44:58 Ballistics
44:49 Masonry
44:58 Scale Mail Armor
44:54 Pikeman
45:34 Squires
45:20 Arson
46:02 Bodkin Arrow
48:08 Iron Casting
48:39 Hand Cart
48:03 Halberdier
50:06 Crenellations
Murschann
7:24 Loom
11:24 Feudal Age
15:09 Castle Age
15:01 Double-Bit Axe
17:07 Horse Collar
19:38 Bow Saw
22:24 Husbandry
26:43 Wheelbarrow
28:40 Gold Mining
28:41 Stone Mining
29:29 Bloodlines
31:18 Heavy Plow
34:56 Imperial Age
33:40 Scale Barding Armor
33:45 Forging
34:00 Caravan
34:50 Chain Barding Armor
36:15 Conscription
35:24 Elite Boyar
37:58 Plate Barding Armor
37:59 Iron Casting
41:14 Coinage
41:57 Blast Furnace
42:56 Banking
Lastdrop
2:30 Loom
6:31 Loom
10:34 Feudal Age
15:10 Castle Age
15:03 Double-Bit Axe
16:28 Bow Saw
16:10 Horse Collar
18:10 Heavy Plow
23:26 Wheelbarrow
23:53 Padded Archer Armor
25:02 Leather Archer Armor
25:45 Fletching
26:28 Bodkin Arrow
26:47 Town Watch
32:51 Imperial Age
31:06 Ballistics
30:48 Gold Mining
34:52 Two-Man Saw
35:12 Chemistry
34:46 Conscription
36:25 Masonry
37:55 Ring Archer Armor
37:43 Bracer
38:04 Scale Barding Armor
38:10 Forging
39:13 Architecture
39:28 Bloodlines
39:19 Husbandry
39:07 Cavalier
41:06 Bombard Tower
41:14 Chain Barding Armor
41:29 Iron Casting
42:54 Plate Barding Armor
44:43 Blast Furnace
43:41 Pikeman
44:21 Squires
44:23 Scale Mail Armor
46:07 Halberdier
47:04 Chain Mail Armor
KIV.Theo
9:19 Loom
11:16 Feudal Age
16:20 Castle Age
14:04 Horse Collar
14:09 Double-Bit Axe
17:15 Bow Saw
17:07 Heavy Plow
21:26 Wheelbarrow
23:05 Hand Cart
22:51 Gold Mining
22:54 Stone Mining
24:18 Town Watch
26:23 Gold Shaft Mining
26:47 Fervor
27:33 Ballistics
30:31 Imperial Age
31:21 Caravan
31:52 Coinage
32:24 Chemistry
31:30 Siege Engineers
31:28 Torsion Engines
31:49 Conscription
31:01 Heavy Scorpion
33:15 Scale Mail Armor
33:25 Forging
32:58 Onager
34:01 Town Patrol
37:19 Banking
39:18 Halberdier
39:58 Squires
41:09 Guilds
KIV.4dd44
1:12 Loom
27:00 Feudal Age
29:08 Horse Collar
29:19 Double-Bit Axe
29:18 Horse Collar
30:42 Wheelbarrow
36:29 Castle Age
34:25 Gold Mining
40:44 Imperial Age
38:49 Padded Archer Armor
39:26 Bow Saw
40:52 Leather Archer Armor
42:27 Chemistry
42:15 Gold Shaft Mining
47:00 Hand Cart
46:47 Heavy Plow
46:41 Stone Mining
48:08 Town Watch
48:53 Caravan
49:51 Ring Archer Armor
Connection lost

Rejoining the realm…

Still unreachable

The connection could not be restored.

Session expired

The server has moved on; the page needs a fresh start.